 Dungeon Crawl Stone Soup version 0.28.0-53-g5a82cb258f (webtiles) character file.

Game seed: 11852779834412971996

3275 jamesp the Insei (level 10, 0/66 HPs)
             Began as an Octopode Transmuter on Aug 17, 2022.
             Was a Believer of Fedhas.
             Slain by an orc warlord
             ... wielding a +0 glaive
              (35 damage)
             ... in a bailey.
             The game lasted 00:30:24 (7742 turns).

jamesp the Insei (Octopode Transmuter)              Turns: 7742, Time: 00:30:26

Health: 0/66       AC:  1    Str: 11    XL:     10   Next: 0%
Magic:  16/16      EV: 18    Int: 23    God:    Fedhas [**....]
Gold:   437        SH:  0    Dex: 14    Spells: 13/17 levels left

rFire   . . .      SeeInvis .     - Unarmed
rCold   + . .      Faith    .   (no shield)
rNeg    . . .      Spirit   .   (helmet restricted)
rPois   .          Reflect  .   w - amulet of regeneration
rElec   .          Harm     .   h - ring of protection from cold
rCorr   .          Rampage  .   m - +6 ring of intelligence
Will    +....                   C - ring of willpower
Stlth   ++........              D - +4 ring of evasion
HPRegen 1.01/turn               (no ring)
MPRegen 0.15/turn               (no ring)
                                (no ring)
                                (no ring)

@: on berserk cooldown, slowed, very slow
A: almost no armour, amphibious, 8 rings, camouflage 1, gelatinous body 1,
(nimble swimmer 1), tentacles
a: Renounce Religion, Wall of Briars


You were in a bailey.
You worshipped Fedhas.
Fedhas was pleased with you.
You visited 2 branches of the dungeon, and saw 9 of its levels.
You also visited: Bailey.

You collected 437 gold pieces.

Inventory:

Hand Weapons
 b - the +9 shortbow of Icerhizo {flame, rC+ Will+ Stlth+}
   (You found it on level 4 of the Dungeon)

   Any ammunition fired from it burns those it strikes, dealing additional fire
   damage.
   rC:        It protects you from cold.
   Will:      It increases your willpower.
   Stlth:     It makes you more stealthy.
Missiles
 d - 109 stones
 e - 6 curare-tipped darts
 g - 119 arrows
 l - 73 bolts
 s - 30 sling bullets
 t - 17 poisoned darts
 v - 2 throwing nets
 H - 4 boomerangs
Jewellery
 h - a ring of protection from cold (left tentacle)
 m - a +6 ring of intelligence (right tentacle)
 n - a ring of flight
 w - an amulet of regeneration (around mantle)
 C - a ring of willpower (on tentacle)
 D - a +4 ring of evasion (on tentacle)
Scrolls
 a - 2 scrolls of enchant weapon {unknown}
 f - a scroll of identify
 i - a scroll of enchant armour {unknown}
 j - 3 scrolls of teleportation
 p - a scroll of brand weapon {unknown}
 q - a scroll of magic mapping
 u - 4 scrolls of blinking
 y - 3 scrolls of immolation
 A - 2 scrolls of fog {unknown}
 B - a scroll of vulnerability {unknown}
 I - a scroll of torment {unknown}
 K - a scroll of fear {unknown}
Potions
 c - 6 potions of mutation
 k - a potion of lignification
 o - a potion of brilliance {unknown}
 r - 2 potions of might {unknown}
 x - a potion of attraction {unknown}
 E - a potion of heal wounds
 F - 2 potions of haste {unknown}
 G - a potion of curing
 J - 2 potions of invisibility {unknown}


   Skills:
 - Level 5.0 Fighting
 - Level 3.0 Bows
 - Level 3.0 Dodging
 + Level 7.6 Unarmed Combat
 - Level 4.0 Spellcasting
 + Level 7.2 Transmutations
 - Level 4.0 Poison Magic
 + Level 5.0 Invocations


You had 13 spell levels left.
You knew the following spells:

 Your Spells              Type           Power      Damage    Failure   Level
a - Beastly Appendage     Tmut           76%        N/A       1%          1
b - Spider Form           Tmut/Pois      30%        N/A       3%          3

Your spell library contained the following spells:

 Spells                   Type           Power      Damage    Failure   Level
 Wereblood                Tmut           38%        N/A       1%          2
 Olgreb's Toxic Radiance  Pois           23%        N/A       21%         4
 Ice Form                 Ice/Tmut       21%        N/A       24%         4
 Fulminant Prism          Conj/Hex       2%         3d6       71%         4
 Iskenderun's Mystic Bla  Conj/Tloc      4%         2d3       71%         4
 Lee's Rapid Deconstruct  Erth           2%         3d5*      96%         5
 Ozocubu's Refrigeration  Ice            2%         4d5       100%        7
 Ignition                 Fire           2%         3d3       100%        8


Dungeon Overview and Level Annotations

Branches:
Dungeon (8/15)             Temple (1/1) D:4          Bailey (1/1)
   Lair: D:8-11

Altars:
Elyvilon
Fedhas
Gozag
Kikubaaqudgha
Makhleb
Nemelex Xobeh
Qazlal
Ru
Uskayaw
Xom

Shops:
D:1 (

Annotations:
D:4 2 transporters


Innate Abilities, Weirdness & Mutations

You cannot wear most types of armour.
You are amphibious.
You can wear up to eight rings at the same time.
Your skin changes colour to match your surroundings (Stealth+).
Your rubbery body absorbs attacks. (AC +1, EV +1)
((You are camouflaged when in or above water. (Stealth+)))
You have tentacles for arms and can constrict up to eight enemies at once.


Message History

The orc warrior no longer looks unusually strong.
The orc warlord roars a battlecry!
The orc warrior goes into a battle-frenzy!
The orc warlord unwields a +0 glaive.
The orc warlord wields a +0 arbalest.
The orc warlord shoots a bolt.
The bolt completely misses you.
There is an open door, spattered with blood here.
Items here: )) [[.
Your transformation is almost over.
There's a creature in the doorway!
You hit the orc warrior but do no damage.
The orc warrior is poisoned.
The orc warrior completely misses you.
You bite the orc warrior!
The orc warrior looks as sick as possible!
The orc warrior is heavily wounded.
The orc warrior no longer looks unusually strong.
The orc warrior hits you with a +0 war axe!!
* * * LOW HITPOINT WARNING * * *
The orc warlord roars a battlecry!
The orc warrior goes into a battle-frenzy!
The orc warrior closely misses you.
The orc warrior no longer looks unusually strong.
The orc warlord roars a battlecry!
The orc warrior goes into a battle-frenzy!
Things that are here:
a +0 war axe; a +0 ring mail; an orc corpse You feel much better.
The orc warrior hits you with a +0 war axe! x2
The orc warrior misses you.
You feel much better.
The orc warrior hits you with a +0 war axe!
The orc warrior barely misses you. The orc warrior misses you.
You barely miss the orc warrior.
The orc warrior is almost dead.
Your transformation has ended.
The orc warrior misses you.
The orc warlord unwields a +0 arbalest.
The orc warlord wields a +0 glaive.
The orc warlord hits you with a +0 glaive!!
Ouch! That really hurt!
You die...
Fedhas appreciates your contribution to the ecosystem.

♣........♣ ♣##)''##♣♣
##.....## #.......#
##.......## #.......).#
##......)..##
#######..o))⌠..)..# #####
##.....##go@.....)##.....#
#......)).o......)).......
##......g##.......##.......
#.........#.......# .......
##......og.##.....##
....... #.....⌠..o..#######
...⌠... ##........g##
....... #.........# .......
##.......## .......


You could see an orc warlord (very poisoned), 2 orc warriors, a gnoll and a
goblin.

Vanquished Creatures
  An orc knight (Bailey)
  A hornet (D:8)
  A steam dragon (D:7)
  Edmund (D:4)
  A water moccasin (D:6)
  A hornet zombie (D:4)
  8 orc warriors (Bailey)
  A necrophage (D:6)
  2 ogres (D:4)
  Blork the orc (D:6)
  A bullfrog (D:5)
  4 scorpions
  2 wyvern skeletons (D:6)
  2 howler monkeys (D:6)
  A crimson imp (D:5)
  2 bullfrog skeletons
  A gnoll shaman (D:2)
  3 iguanas
  An orc wizard (D:5)
  2 killer bee zombies
  2 hound skeletons
  A howler monkey zombie (D:6)
  11 gnolls
  6 adders
  A shadow imp (D:5)
  2 white imps
  An ufetubus (D:5)
  An adder skeleton (D:4)
  A worm (D:4)
  4 dart slugs
  13 orcs
  6 bats
  7 endoplasms
  5 giant cockroaches
  13 goblins
  17 hobgoblins
  11 jackals
  A quokka (D:1)
  9 ball pythons
  2 frilled lizards (D:1)
  6 kobolds
  3 rats (D:3)
160 creatures vanquished.

Vanquished Creatures (others)
  A plant (D:2)
1 creature vanquished.

Grand Total: 161 creatures vanquished

Notes
Turn   | Place    | Note
-------+----------+-------------------------------------------
     0 | D:1      | jamesp the Octopode Transmuter began the quest for the Orb.
     0 | D:1      | Reached XP level 1. HP: 13/13 MP: 3/3
   156 | D:1      | Reached XP level 2. HP: 18/18 MP: 5/5
   698 | D:1      | Found Qiadoh's Antique Weapon Shoppe.
   949 | D:1      | Reached XP level 3. HP: 23/23 MP: 4/6
  1180 | D:2      | Learned a level 3 spell: Spider Form
  1703 | D:2      | Reached XP level 4. HP: 28/28 MP: 5/7
  1784 | D:2      | Found a faded altar of an unknown god.
  2402 | D:3      | Found a hide-covered altar of Uskayaw.
  2519 | D:3      | Noticed a scorpion
  2532 | D:3      | Killed a scorpion
  2533 | D:3      | Reached XP level 5. HP: 31/33 MP: 9/9
  3282 | D:3      | Reached skill level 1 in Poison Magic
  3282 | D:3      | Reached XP level 6. HP: 33/38 MP: 10/10
  4264 | D:4      | Found a transporter.
  4277 | D:4      | Found a transporter.
  4469 | D:4      | Found a staircase to the Ecumenical Temple.
  4480 | Temple   | Entered the Ecumenical Temple
  4539 | Temple   | Became a worshipper of Fedhas Madash
  4747 | D:4      | Noticed Edmund
  4788 | D:4      | Killed Edmund
  4789 | D:4      | Reached XP level 7. HP: 40/43 MP: 11/11
  4908 | D:4      | Identified the +9 shortbow of Icerhizo {flame, rC+ Will+
                  | Stlth+}
  4959 | D:4      | Reached skill level 5 in Unarmed Combat
  5248 | D:5      | Entered Level 5 of the Dungeon
  5342 | D:5      | Reached XP level 8. HP: 44/51 MP: 12/12
  5360 | D:5      | Reached skill level 5 in Transmutations
  5959 | D:6      | Noticed Blork the orc
  6097 | D:6      | Killed Blork the orc
  6296 | D:6      | Reached skill level 1 in Bows
  6296 | D:6      | Reached skill level 1 in Invocations
  6430 | D:6      | Reached * piety under Fedhas
  6664 | D:6      | Reached XP level 9. HP: 43/59 MP: 13/13
  7216 | D:7      | You fall into a shaft and drop 1 floor!
  7228 | D:8      | Noticed a hornet
  7238 | D:8      | Killed a hornet
  7255 | D:8      | Found a flagged portal.
  7280 | Bailey   | Entered a bailey
  7424 | Bailey   | Reached skill level 5 in Fighting
  7441 | Bailey   | Reached ** piety under Fedhas
  7506 | Bailey   | Noticed an orc knight
  7654 | Bailey   | Killed an orc knight
  7655 | Bailey   | Reached skill level 5 in Invocations
  7655 | Bailey   | Reached XP level 10. HP: 66/66 MP: 14/16
  7689 | Bailey   | Noticed an orc warlord
  7742 | Bailey   | Slain by an orc warlord

Illustrated notes

Levels and vault maps discovered:
D:1:      lightli_arrival_lavapool, layout_loops_ring, serial_shops,
          nicolae_shop_stone
D:2:      layout_rooms, shapermc_ecumenical_altar_acropolis, lemuel_old_faithful
D:3:      layout_loops_corners, amcnicky_altar_gilded
D:4:      gammafunk_steamed_eel, layout_loops_ring,
          minmay_temple_entry_butterflies, uniq_edmund
D:5:      layout_basic, minmay_fire_ice_demons
D:6:      layout_cave_pools, dk_vineyard_1, uniq_blork_the_orc
D:7:      minmay_clustersquares, layout_loops_corners
D:8:      layout_cave_pools, enter_bailey_5, grunt_ministairs_6
Temple:   mainiacjoe_temple_circle_huts
Bailey:   bailey_axe_minmay_hex_keep, bailey

Skill      XL: |  1  2  3  4  5  6  7  8  9 |
---------------+----------------------------+-----
Transmutations | 3 4 6 7 |  7.2
Dodging        | 3 |  3.0
Unarmed Combat | 4 5 6 7 |  7.6
Spellcasting   | 3 4 |  4.0
Poison Magic   | 1 3 4 |  4.0
Fighting       | 2 4 5 |  5.0
Bows           | 2 3 |  3.0
Invocations    | 2 5 |  5.0

Action                   |  1- 3 |  4- 6 |  7- 9 | 10-12 || total
-------------------------+-------+-------+-------+-------++-------
Melee: Unarmed           |    92 |   128 |   244 |    12 ||   476
       Constrict         |    27 |    34 |    37 |       ||    98
       Tentacles         |    18 |    25 |    44 |       ||    87
       Kick              |    13 |    14 |    46 |       ||    73
       Punch             |     1 |     9 |    12 |       ||    22
 Cast: Beastly Appendage |    14 |    16 |    16 |       ||    46
       Spider Form       |       |     1 |     8 |     1 ||    10
  Use: Scroll            |       |     5 |     4 |     1 ||    10
       Potion            |       |     2 |     4 |     3 ||     9
 Stab: Sleeping          |     8 |     2 |     4 |       ||    14
       Distracted        |       |     2 |       |       ||     2
Armor: Skin              |     8 |     6 |     6 |       ||    20
Dodge: Dodged            |    56 |    93 |   182 |    13 ||   344
